 Dungeon Crawl Stone Soup version 0.28-a0-1159-g27aa881441 (webtiles) character file.

Game seed: 700712263923653717

2494 lessens the Basher (level 9, -9/96 HPs)
             Began as a Grey Draconian Wanderer on Dec 15, 2021.
             Was a Follower of Okawaru.
             Mangled by a wyvern (12 damage)
             ... on level 8 of the Dungeon.
             The game lasted 00:08:54 (7526 turns).

lessens the Basher (Grey Draconian Wanderer)        Turns: 7526, Time: 00:08:55

Health: -9/96      AC: 24    Str: 19    XL:     9   Next: 28%
Magic:  9/10       EV:  2    Int:  9    God:    Okawaru [*.....]
Gold:   260        SH:  7    Dex: 14    Spells: 9/10 levels left

rFire   . . .      SeeInvis .   g - +0 flail
rCold   . . .      Faith    .   s - +2 buckler
rNeg    . . .      Spirit   .   (armour unavailable)
rPois   +          Reflect  .   (helmet currently unavailable)
rElec   .          Harm     .   (cloak currently unavailable)
rCorr   .          Rampage  .   (gloves currently unavailable)
Will    .....      NoTele   +   (boots currently unavailable)
Stlth   +++.......              (no amulet)
HPRegen 0.26/turn               h - ring of flight
MPRegen 0.12/turn               k - +4 ring of slaying

@: tree-form, heroic
A: stationary, stasis, torment immunity, boosted hp, AC +12, (amphibious),
unfitting armour, (cold-blooded)
a: Renounce Religion, Heroism


You were on level 8 of the Dungeon.
You worshipped Okawaru.
Okawaru was aware of your devotion.
You were a tree.
You visited 2 branches of the dungeon, and saw 9 of its levels.
You also visited: Sewer.

You collected 260 gold pieces.

Inventory:

Hand Weapons
 a - a +0 club
 g - a +0 flail (weapon)
Missiles
 b - 5 boomerangs
 i - 225 stones (quivered)
 u - 31 poisoned darts
Armour
 d - a +0 pair of gloves (melded)
 s - a +2 buckler (worn)
Jewellery
 h - a ring of flight (left branch)
 k - a +4 ring of slaying (right branch)
Wands
 x - a wand of digging (6)
Scrolls
 c - a scroll of vulnerability {unknown}
 e - a scroll of immolation
 f - a scroll of holy word {unknown}
 l - a scroll of magic mapping {unknown}
 p - 2 scrolls of blinking {unknown}
 q - a scroll of enchant armour {unknown}
 r - 6 scrolls of identify {unknown}
 t - a scroll of silence {unknown}
 v - 3 scrolls of teleportation {unknown}
 y - a scroll of torment {unknown}
 z - a scroll of fear {unknown}
 A - 2 scrolls of fog {unknown}
 C - a scroll of enchant weapon {unknown}
Potions
 j - a potion of cancellation {unknown}
 m - a potion of lignification
 n - 5 potions of degeneration {unknown}
 o - a potion of ambrosia {unknown}
 w - a potion of curing
 B - 2 potions of flight
 D - a potion of haste {unknown}
 E - a potion of mutation {unknown}


   Skills:
 - Level 1.1(6.1) Fighting
 * Level 11.7(16.7) Maces & Flails
 - Level 4.3(9.3) Dodging
 - Level 1.0(6.0) Stealth
 - Level 1.0 Spellcasting
 - Level 2.0 Summonings
 + Level 2.1 Invocations
 - Level 2.0 Evocations


You had 9 spell levels left.
You knew the following spells:

 Your Spells              Type           Power      Damage    Failure   Level
a - Summon Small Mammal   Summ           16%        N/A       16%         1

Your spell library contained the following spells:

 Spells                   Type           Power      Damage    Failure   Level
 Pain                     Necr           0%         1d4       36%         1
 Corpse Rot               Necr/Air       0%         N/A       50%         2
 Poisonous Vapours        Pois/Air       0%         N/A       50%         2
 Ignite Poison            Fire/Tmut/Pois 0%         N/A       73%         3
 Mephitic Cloud           Conj/Pois/Air  0%         N/A       73%         3
 Vampiric Draining        Necr           0%         2d6       73%         3
 Freezing Cloud           Conj/Ice/Air   0%         6-21      100%        5
 Maxwell's Capacitive Co  Air            0%         ∞         100%        8
 Animate Skeleton         Necr           Unusable   N/A       N/A         1
 Call Canine Familiar     Summ           Unusable   N/A       N/A         3

Dungeon Overview and Level Annotations

Branches:
Dungeon (8/15)             Temple (1/1) D:6           Sewer (visited)
   Lair: D:8-11

Altars:
Ashenzari
Cheibriados
Dithmenos
Elyvilon
Fedhas
Gozag
Hepliaklqana
Kikubaaqudgha
Makhleb
Nemelex Xobeh
Okawaru
Qazlal
Ru
Sif Muna
Trog
Uskayaw
Vehumet
Wu Jian
Xom
Yredelemnul
Zin
The Shining One

Annotations:
D:6 2 runed translucent doors, Cancer's ghost, novice GrCj


Innate Abilities, Weirdness & Mutations

You are a tree.
Your roots penetrate the ground, keeping you stationary.
You cannot be teleported.
You are immune to unholy pain and torment.
Your maximum health is greatly increased.
Your equipment is partially melded.
((Your dull iron-grey scales are very hard. (AC +12)))
((You are amphibious.))
You cannot fit into any form of body armour.
((You are cold-blooded and may be slowed by cold attacks.))


Message History

You block the wyvern's attack.
You hit the hornet.
Your tail-slap misses the hornet.
The hornet is severely wounded.
The hornet stings you.
You feel as though you will be slow longer.
The wyvern closely misses you. The hornet closely misses you.
You hit the hornet.
The hornet is almost dead.
The wyvern bites you but does no damage.
You block the hornet's attack.
The wyvern bites you but does no damage.
You closely miss the hornet.
The hornet is almost dead.
The hornet closely misses you. The wyvern bites you!
* * * LOW HITPOINT WARNING * * *
The hornet misses you.
The wyvern bites you but does no damage.
You sock the hornet!
You kill the hornet!
Okawaru is honoured by your kill. The wyvern bites you!
* * * LOW HITPOINT WARNING * * *
Your Invocations skill increases to level 2!
You closely miss the wyvern.
The wyvern bites you but does no damage.
You block the wyvern's attack.
Okay, then.
Really quaff the potion of lignification?
You turn into a tree.
Your +0 pair of gloves melds into your body.
Your roots penetrate the ground.
You feel yourself speed up.
The wyvern bites you but does no damage.
The wyvern bites you!
* * * LOW HITPOINT WARNING * * *
You cannot move.
You sock the wyvern!
The wyvern is heavily wounded.
The wyvern bites you!
You die...

....... ... .......
... ....... ...##.
........ ......
#......##.....#
........#.......
#.[...l.......
#....♣......#
##..........##
.####.............
....)......##..###
.##........#...#
...............###...
.............<.......
......##.............
.....# #.............


You could see a wyvern.

Vanquished Creatures
  A hornet (D:8)
  Grinder (D:3)
  2 steam dragons (D:7)
  A water moccasin (D:7)
  A black bear (D:7)
  2 ice beasts (D:6)
  3 sky beasts (D:7)
  A necrophage (D:6)
  3 ogres
  2 kobold brigands
  A wyvern zombie (D:7)
  A water moccasin skeleton (D:7)
  2 centaur zombies
  3 hounds
  A bullfrog zombie (D:6)
  A gnoll shaman (D:4)
  A jelly (D:4)
  A bullfrog skeleton (D:6)
  A centaur skeleton (D:7)
  Ijyb (D:3)
  2 orc wizards
  A killer bee zombie (D:6)
  7 gnolls
  5 adders
  2 howler monkey skeletons
  2 river rats (Sewer)
  A white imp (D:6)
  2 ufetubi
  2 adder skeletons (D:4)
  2 worms
  13 orcs
  11 bats
  7 endoplasms
  2 giant cockroaches
  3 hobgoblins
  4 jackals
  12 kobolds
  3 quokkas
  7 ball pythons
  4 frilled lizards
  7 goblins
  6 rats
135 creatures vanquished.

Vanquished Creatures (others)
  8 plants (D:4)
8 creatures vanquished.

Grand Total: 143 creatures vanquished

Notes
Turn   | Place    | Note
-------+----------+-------------------------------------------
     0 | D:1      | lessens the Draconian Wanderer began the quest for the Orb.
     0 | D:1      | lessens set off with the following items: a +0 club, 3
                  | throwing nets, a wand of flame (3), a +0 pair of gloves;
                  | and the following spell memorised: Summon Small Mammal; and
                  | the following spells available to memorise: Call Canine
                  | Familiar
     0 | D:1      | Reached XP level 1. HP: 16/16 MP: 2/2
   166 | D:1      | Reached skill level 1 in Maces & Flails
   304 | D:1      | Reached XP level 2. HP: 15/23 MP: 3/3
   352 | D:1      | Found a faded altar of an unknown god.
   470 | D:1      | Reached skill level 2 in Maces & Flails
  1030 | D:2      | Reached XP level 3. HP: 28/28 MP: 4/4
  1106 | D:2      | Reached skill level 3 in Maces & Flails
  1636 | D:2      | Found a stormy altar of Qazlal.
  1813 | D:3      | Reached skill level 4 in Maces & Flails
  1813 | D:3      | Reached XP level 4. HP: 33/35 MP: 5/5
  2019 | D:3      | Noticed Ijyb
  2025 | D:3      | Killed Ijyb
  2258 | D:3      | Noticed Grinder
  2284 | D:3      | Paralysed by Grinder for 6 turns
  2295 | D:3      | Killed Grinder
  2296 | D:3      | Reached skill level 6 in Maces & Flails
  2296 | D:3      | Reached XP level 5. HP: 7/40 MP: 6/6
  2296 | D:3      | Reached XP level 6. HP: 8/47 MP: 7/7
  2564 | D:3      | Found a sparkling altar of Nemelex Xobeh.
  3190 | D:4      | Reached skill level 7 in Maces & Flails
  3470 | D:4      | Your scales start taking on a dull iron-grey colour.
  3470 | D:4      | Reached XP level 7. HP: 35/52 MP: 8/8
  4081 | D:5      | Entered Level 5 of the Dungeon
  4208 | D:5      | Got the Tome of Air
  4234 | D:5      | Reached skill level 8 in Maces & Flails
  4775 | D:6      | Found a runed translucent door.
  4775 | D:6      | Noticed Cancer's ghost (novice GrCj)
  4814 | D:6      | Reached skill level 9 in Maces & Flails
  4859 | D:6      | Found a glowing drain.
  4877 | Sewer    | Entered a sewer
  4973 | Sewer    | Reached XP level 8. HP: 58/59 MP: 9/9
  4983 | Sewer    | Found a glowing silver altar of Zin.
  5407 | D:6      | Reached skill level 10 in Maces & Flails
  5439 | D:6      | Found a staircase to the Ecumenical Temple.
  5440 | D:6      | Found a runed translucent door.
  5449 | Temple   | Entered the Ecumenical Temple
  5610 | Temple   | Became a worshipper of Warmaster Okawaru
  6636 | D:7      | Reached skill level 11 in Maces & Flails
  6664 | D:7      | HP: 1/59 [water moccasin (6)]
  6667 | D:7      | Reached * piety under Okawaru
  6668 | D:7      | Reached XP level 9. HP: 12/64 MP: 10/10
  7332 | D:7      | Reached skill level 1 in Invocations
  7514 | D:8      | Paralysed by a hornet for 2 turns
  7525 | D:8      | HP: 3/96 [wyvern (7)]
  7526 | D:8      | Mangled by a wyvern

Illustrated notes

Levels and vault maps discovered:
D:1:      onia_arrival_mini_maze_b, layout_loops_ring,
          hellmonk_ecumenical_altar_blasted
D:2:      layout_rooms, basic_altar, serial_curves, eino_curves_02,
          eino_curves_04, eino_curves_01, minmay_tetromino_i2
D:3:      layout_basic, nemelex_dance_club_becter, uniq_grinder, uniq_ijyb
D:4:      layout_basic, lexackson_kobold_supper
D:5:      layout_gridville
D:6:      layout_basic, minmay_temple_entry_butterflies,
          cheibrodos_sewer_entry_drain, ebering_ghost_sewer_f,
          small_statue_intersection
D:7:      layout_basic, hangedman_misty_isle
D:8:      layout_cave_pools
Temple:   regret_index_temple_sigil_plot

Skill      XL: |  1  2  3  4  5  6  7  8  9 |
---------------+----------------------------+-----
Maces & Flails | 1 2 4 6 7 9 11 | 11.7
Dodging        | 4 |  4.3
Invocations    | 2 |  2.1
Fighting       | |  1.1
Stealth        | |  1.0
Spellcasting   | |  1.0
Summonings     | |  2.0
Evocations     | |  2.0

Action                   |  1- 3 |  4- 6 |  7- 9 || total
-------------------------+-------+-------+-------++-------
Melee: Flail             |    93 |    77 |   217 ||   387
       Club              |    13 |       |       ||    13
       Tailslap          |    10 |    12 |    28 ||    50
Throw: Throwing net      |       |     2 |     6 ||     8
Invok: Heroism           |       |       |     2 ||     2
Evoke: Wand              |       |       |     6 ||     6
  Use: Potion            |       |       |    10 ||    10
 Stab: Sleeping          |     4 |     2 |     3 ||     9
       Held in net/web   |       |     1 |     3 ||     4
Armor: Skin              |    55 |    18 |   136 ||   209
Dodge: Dodged            |    92 |    38 |   110 ||   240
Block: Buckler           |       |    13 |    63 ||    76

Table legend: (Time is in decaauts)
 A = Elapsed time spent in this place.
 B = Non-inter-level travel time spent in this place.
 C = Inter-level travel time spent in this place.
 D = Time resting spent in this place.
 E = Time spent auto-exploring this place.
 F = Levels seen in this place.
 G = Mean time per level.
                   A        B        C        D        E       F      G
               +--------+--------+--------+--------+--------+-----+--------+
         Total |   7562 |   7280 |    282 |     39 |   6086 |  10 |  756.2 |
       Dungeon |   7244 |   6994 |    250 |     39 |   5889 |   8 |  905.5 |
        Temple |    175 |    143 |     32 |      0 |    125 |   1 |  175.0 |
         Sewer |    142 |    142 |      0 |      0 |     72 |   1 |  142.0 |
               +--------+--------+--------+--------+--------+-----+--------+

Top non-repeatable levels by time:
     D:4: 1268 daAuts
     D:6: 1266 daAuts
     D:7: 1138 daAuts
     D:3: 1064 daAuts
     D:1: 1014 daAuts
     D:2: 771 daAuts
     D:5: 687 daAuts
  Temple: 175 daAuts
   Sewer: 142 daAuts
     D:8: 31 daAuts
